 Dungeon Crawl Stone Soup version 0.21.0-25-ge575cb9 (webtiles) character file.

129 komo4ek the Stinger (level 5, -4/45 HPs)
             Began as a Naga Venom Mage on Jan 22, 2018.
             Slain by troglodite's ghost (5 damage)
             ... on level 3 of the Dungeon.
             The game lasted 00:09:33 (2497 turns).

komo4ek the Stinger (Naga Venom Mage)               Turns: 2497, Time: 00:09:34

Health: -4/45      AC:  2    Str: 14    XL:     5   Next: 12%
Magic:  8/8        EV: 10    Int: 16    God:
Gold:   125        SH:  0    Dex: 11    Spells: 8/9 levels left

rFire    . . .     SeeInvis +   i - +0 spear
rCold    . . .     Gourm    .   (no shield)
rNeg     . . .     Faith    .   a - +0 robe
rPois    +         Spirit   .   (no helmet)
rElec    .         Reflect  .   (no cloak)
rCorr    .         Harm     .   (no gloves)
MR       .....                  (no barding)
Stlth    ++........             (no amulet)
HPRegen  0.15/turn              o - +3 ring of strength
MPRegen  0.11/turn              (no ring)

@: very slow
A: large, see invisible, deformed body, poison resistance, slowness 2, slow
metabolism 1, spit poison 1, AC +1
a: Spit Poison


You were on level 3 of the Dungeon.
You were not hungry.

You visited 1 branch of the dungeon, and saw 3 of its levels.

You collected 125 gold pieces.

Inventory:

Hand Weapons
 i - a +0 spear (weapon)
Missiles
 f - 14 bolts
Armour
 a - a +0 robe (worn)
 g - a +0 buckler
Jewellery
 o - a +3 ring of strength (left hand)
Scrolls
 e - a scroll of enchant weapon {unknown}
 h - 2 scrolls of amnesia
 m - 2 scrolls of teleportation {unknown}
 n - a scroll of immolation {unknown}
 p - a scroll of magic mapping {unknown}
 q - a scroll of blinking
 r - 2 scrolls of identify
 s - a scroll of remove curse
Potions
 d - a potion of curing
 k - a potion of heal wounds {unknown}
 l - a potion of berserk rage {unknown}
 u - a potion of flight {unknown}
Books
 b - a Young Poisoner's Handbook

   Spells                             Type                      Level
   a - Sting                          Conjuration/Poison           1
   b - Poisonous Vapours              Poison/Air                   2
   c - Mephitic Cloud                 Conjuration/Poison/Air       3
   d - Olgreb's Toxic Radiance        Poison                       4
   e - Venom Bolt                     Conjuration/Poison           5
Comestibles
 c - 7 rations
 t - 6 chunks of flesh


   Skills:
 + Level 1.7 Fighting
 + Level 1.3 Polearms
 + Level 1.2 Armour
 + Level 2.3 Dodging
 - Level 3.0 Stealth
 + Level 2.5 Spellcasting
 - Level 1.0 Conjurations
 + Level 4.7 Poison Magic


You had 8 spell levels left.
You knew the following spells:

 Your Spells              Type           Power        Failure   Level  Hunger
a - Sting                 Conj/Pois      ##..         6%          1    #......


Dungeon Overview and Level Annotations

Branches:
Dungeon (3/15)

Altars:

Annotations:
D:3 troglodite's ghost, amateur HuSk


Innate Abilities, Weirdness & Mutations

You cannot wear boots.
Your serpentine skin is tough. (AC +1)
You have supernaturally acute eyesight. (SInv)
Armour fits poorly on your strangely shaped body.
Your system is resistant to poisons. (rPois)
You cover ground very slowly.
You have a slow metabolism.
You can spit poison.


Message History

* * * LOW HITPOINT WARNING * * *
You hit troglodite's ghost.
Troglodite's ghost is lightly damaged.
Troglodite's ghost casts a spell.
Troglodite's ghost's wounds begin to heal before your eyes!
You hit troglodite's ghost but do no damage.
Troglodite's ghost is lightly damaged.
Troglodite's ghost hits you.
* * * LOW HITPOINT WARNING * * *
You closely miss troglodite's ghost.
Troglodite's ghost is lightly damaged.
Troglodite's ghost closely misses you.
You closely miss troglodite's ghost.
Troglodite's ghost is lightly damaged.
Troglodite's ghost hits you.
* * * LOW HITPOINT WARNING * * *
You hit troglodite's ghost.
Troglodite's ghost is lightly damaged.
Troglodite's ghost hits you.
You die...

#.# #.# #.#
#.# #.# #.#
#.# #.# #.#
#.#######.#
#..รท.#.##.#
####..#...#
#.#.####
###.#.#######
#.......@Wo.#
#.#.#.#####.#
#(..#.# #.#
#..##.# #W.
#.(##.# #o.#
#..##.# #..#
#..##.# ..##
#..##.# ..#
#..##.# #.#


You could see troglodite's ghost and an orc.

Vanquished Creatures
  Natasha (D:3)
  Terence (D:2)
  An adder (D:2)
  A worm (D:2)
  4 dart slugs
  A leopard gecko (D:1)
  4 orcs (D:3)
  3 giant cockroaches
  6 hobgoblins
  5 jackals
  A quokka (D:2)
  2 ball pythons
  7 bats
  5 goblins
  6 kobolds
  4 rats
52 creatures vanquished.

Notes
Turn   | Place    | Note
-------+----------+-------------------------------------------
     0 | D:1      | komo4ek the Naga Venom Mage began the quest for the Orb.
     0 | D:1      | Reached XP level 1. HP: 15/15 MP: 3/3
     6 | D:1      | Noticed a seven-headed hydra
     6 | D:1      | Noticed a swamp worm
     6 | D:1      | Noticed an anaconda
   365 | D:1      | Reached XP level 2. HP: 24/24 MP: 5/5
   721 | D:1      | Reached XP level 3. HP: 30/30 MP: 1/6
   808 | D:1      | Reached skill level 1 in Fighting
   821 | D:1      | You fall through a shaft!
  1380 | D:2      | Noticed Terence
  1401 | D:2      | Killed Terence
  1401 | D:2      | Reached skill level 1 in Polearms
  1401 | D:2      | Reached skill level 1 in Armour
  1401 | D:2      | Reached XP level 4. HP: 11/38 MP: 2/7
  2224 | D:3      | Noticed Natasha
  2236 | D:3      | Killed Natasha
  2236 | D:3      | Reached XP level 5. HP: 27/45 MP: 2/8
  2381 | D:3      | Noticed troglodite's ghost (amateur HuSk)
  2496 | D:3      | HP: 1/45 [troglodite's ghost (3)]
  2497 | D:3      | Slain by troglodite's ghost

Skill      XL: |  1  2  3 |
---------------+----------+-----
Fighting       | 1 |  1.7
Dodging        | 2 |  2.3
Polearms       | 1 |  1.3
Armour         | 1 |  1.2
Stealth        | |  3.0
Spellcasting   | |  2.5
Conjurations   | |  1.0
Poison Magic   | |  4.7

Action                   |  1- 3 |  4- 6 || total
-------------------------+-------+-------++-------
Melee: Unarmed           |     6 |       ||     6
       Spear             |    22 |    83 ||   105
 Cast: Sting             |    47 |    24 ||    71
 Abil: Spit Poison       |    17 |     9 ||    26
  Use: Scroll            |     3 |       ||     3
       Potion            |       |     2 ||     2
  Eat: Chunk             |     2 |     4 ||     6
Armor: Robe              |     6 |    11 ||    17
       Skin              |       |    21 ||    21
Dodge: Dodged            |    26 |    31 ||    57
